AoeStats
← Matiasjah

Arabia

509237690Analyzed
1v1 RM · 8d ago on Sep 26, 2026· 20m 1s· 2 players
Game mode
Random Map
Map size
Tiny (2 player)
Population
200
Speed
Normal
Resources
Standard
Victory
Conquest
Starting age
Dark Age
Ending age
Imperial Age
RankedLock teamsTeams togetherTeam positionsShared explorationLock speedFull tech treeHidden civsTurbo modeCheats
Victory
Defeat
🇨🇱 Mongols · Chile
1009
+16
🇺🇸 Varangians · United States
1019
-16
Matiasjah
5:14 Loom
9:21 Feudal Age
Sylvur
7:44 Loom
10:01 Feudal Age
11:40 Double-Bit Axe
13:39 Bloodlines
16:04 Scale Barding Armor
22:03 Castle Age
Connection lost

Rejoining the realm…

Still unreachable

The connection could not be restored.

Session expired

The server has moved on; the page needs a fresh start.